 Dungeon Crawl Stone Soup version 0.19-a0-1387-gca1aa1d (console) character file.

2557748 Svalbardcaretaker the Conqueror (level 27, 224/224 HPs)
             Began as an Octopode Assassin on Aug 27, 2016.
             Was the Champion of Ashenzari.
             Escaped with the Orb
             ... and 4 runes on Sept 3, 2016!
             The game lasted 02:45:05 (60216 turns).

Svalbardcaretaker the Conqueror (OpAs)             Turns: 60216, Time: 02:45:06

Health: 224/224    AC:  3    Str: 23 (24) XL:     27
Magic:  37/37      EV: 42    Int: 12      God:    Ashenzari [******]
Gold:   4689       SH: 18    Dex: 32      Spells: 10 memorised, 4 levels left

rFire  + . .     SeeInvis +     a - +9 double sword (freeze) (curse)
rCold  + + +     Gourm    .     s - +2 shield of the Land of Plenty {Dex+7} (curse)
rNeg   + + .     Faith    .     y - +2 hat of the High Council {Archmagi, Wiz- Stlth-} (curse)
rPois  .         Spirit   .     U - amulet of regeneration (curse)
rElec  +         Dismiss  .     Z - ring "Roetoakh" {Str+4 Dex+3} (curse)
rCorr  .         Reflect  .     q - ring of protection from magic (curse)
MR     ++++.     Harm     .     B - ring of Ydoiz {rC+ rN++ Str+4} (curse)
Stlth  ++++...... Clarity  +    n - ring of protection from magic (curse)
                                C - +6 ring of dexterity (curse)
                                f - ring "Ruakubla" {rF+ rC+} (curse)
                                S - ring of Wafyiv {Wiz rC+} (curse)
                                v - ring of Shadows {Umbra +Inv Stlth+} (curse)

@: wreathed by umbra, deflect missiles
A: almost no armour, stealthy swim, amphibious, 8 rings, constrict 8, camouflage
1, blink, clumsy 1, deterioration 1, dopey 1, electricity resistance, weak 1,
gelatinous body 1, evolution 1, MP-powered wands
a: Blink, Curse Item, Scrying, Transfer Knowledge, Renounce Religion, Evoke
Invisibility
0: Orb of Zot
}: 4/15 runes: barnacled, slimy, silver, gossamer


You escaped.
You worshipped Ashenzari.
Ashenzari was exalted by your worship.
You were not hungry.

You visited 13 branches of the dungeon, and saw 59 of its levels.
You visited 1 bazaar.
You visited 1 ziggurat, and saw 12 of its levels.
You also visited: Trove, Ice Cave, Volcano and Desolation.

You collected 7325 gold pieces.
You spent 2636 gold pieces at shops.


Innate Abilities, Weirdness & Mutations

You cannot wear most types of armour.
You are very stealthy in the water.
You are amphibious.
You can wear up to eight rings at the same time.
You can use your tentacles to constrict eight enemies at once.
Your skin changes colour to match your surroundings (Stealth+).
Your rubbery body absorbs attacks. (AC +1, EV +1)
You can translocate small distances at will.
You are clumsy. (Dex -2)
Your body sometimes deteriorates upon taking damage.
You are dopey. (Int -2)
You are resistant to electric shocks. (rElec)
You are weak. (Str -2)
You evolve.
You expend magic power (3 MP) to strengthen your wands.


   Skills:
 O Level 27 Fighting
 - Level 12.9(17.0) Long Blades
 - Level 23.7(27) Dodging
 - Level 5.3(9.8) Stealth
 - Level 13.1(15.7) Shields
 - Level 10.3 Spellcasting
 - Level 8.8(13.2) Hexes
 - Level 9.6(13.9) Charms
 - Level 8.8(13.2) Necromancy
 - Level 3.5(7.5) Air Magic
 + Level 19.2(22.8) Evocations


You had 4 spell levels left.
You knew the following spells:

 Your Spells              Type           Power        Failure   Level  Hunger
d - Animate Dead          Necr           N/A          1%          4    ####...
h - Haste                 Chrm           ######..     6%          6    #######
i - Invisibility          Hex            ######..     8%          6    #######
o - Ozocubu's Armour      Chrm/Ice       #####...     2%          3    ##.....
p - Passwall              Tmut/Erth      ##........   11%         2    None
r - Deflect Missiles      Chrm/Air       #####.....   16%         6    #######
z - Regeneration          Chrm/Necr      ######....   1%          3    ##.....
A - Apportation           Tloc           ##........   9%          1    None
C - Death Channel         Necr           ######....   8%          6    #######
S - Silence               Hex/Air        #####.....   5%          5    #####..

Inventory:

Hand Weapons
 a - a cursed +9 double sword of freezing (weapon)
Armour
 s - the cursed +2 shield of the Land of Plenty (worn) {Dex+7}
   (You found it in a treasure trove)

   It affects your dexterity (+7).
   It has a curse placed upon it.
 y - the cursed +2 hat of the High Council (worn) {Archmagi, Wiz- Stlth-}
   (You found it on level 3 of the Crypt)

   It makes you less stealthy.
   It has a curse placed upon it.
Jewellery
 f - the cursed ring "Ruakubla" (on tentacle) {rF+ rC+}
   (You found it on level 5 of the Vaults)

   [ring of protection from fire]

   It protects you from fire.
   It protects you from cold.
   It has a curse placed upon it.
 n - a cursed ring of protection from magic (on tentacle)
 q - a cursed ring of protection from magic (right tentacle)
 v - the cursed ring of Shadows (on tentacle) {Umbra +Inv Stlth+}
   (You took it off a merfolk impaler on level 4 of the Shoals)

   [ring of stealth]

   It lets you turn invisible.
   It makes you more stealthy.
   It has a curse placed upon it.
 B - the cursed ring of Ydoiz (on tentacle) {rC+ rN++ Str+4}
   (You acquired it on level 2 of the Vaults)

   [ring of strength]

   It affects your strength (+4).
   It protects you from cold.
   It greatly protects you from negative energy.
   It has a curse placed upon it.
 C - a cursed +6 ring of dexterity (on tentacle)
 J - the ring of Rois {Wiz +Fly rPois Str+4}
   (You took it off a deep elf archer on level 4 of the Depths)

   [ring of wizardry]

   It improves your spell success rate.
   It affects your strength (+4).
   It protects you from poison.
   It lets you fly.
 S - the cursed ring of Wafyiv (on tentacle) {Wiz rC+}
   (You found it on level 3 of the Lair of Beasts)

   [ring of wizardry]

   It improves your spell success rate.
   It protects you from cold.
   It has a curse placed upon it.
 U - a cursed amulet of regeneration (around mantle)
 Z - the cursed ring "Roetoakh" (left tentacle) {Str+4 Dex+3}
   (You found it on level 3 of the Crypt)

   [ring of strength]

   It affects your strength (+4).
   It affects your dexterity (+3).
   It has a curse placed upon it.
Wands
 D - a wand of acid (7/15)
 H - a wand of digging (14/24)
 P - a wand of disintegration (7/24)
 Q - a wand of heal wounds (5/9)
 Y - a wand of teleportation (6/9)
Scrolls
 c - a scroll of blinking
 d - 3 scrolls of vulnerability
 h - 14 scrolls of fog
 i - 12 scrolls of remove curse
 j - a scroll of summoning
 l - 3 scrolls of silence
 r - 18 scrolls of identify
 u - 2 scrolls of teleportation
 x - a scroll of holy word
 z - 6 scrolls of fear
 M - 4 scrolls of recharging
Potions
 g - 14 potions of curing
 k - 4 potions of flight
 m - 4 potions of might
 p - a potion of lignification
 I - a potion of magic
 K - 3 potions of cure mutation
 L - 4 potions of agility
 N - a potion of cancellation
 R - 5 potions of haste
 V - 3 potions of berserk rage
Miscellaneous
 b - 3 sacks of spiders
 o - 2 boxes of beasts
 t - a fan of gales (inert)
 w - 2 phantom mirrors
 G - a lamp of fire
 X - a phial of floods
Comestibles
 e - 9 bread rations

Dungeon Overview and Level Annotations

Branches:
Dungeon (15/15)            Temple (1/1) D:4            Lair (6/6) D:8
 Shoals (4/4) Lair:3       Spider (4/4) Lair:4        Slime (5/5) Lair:6
    Orc (2/2) D:12            Elf (3/3) Orc:2        Vaults (5/5) D:13
  Crypt (3/3) Vaults:3       Tomb (1/3) Crypt:3      Depths (5/5) D:15
    Zot (5/5) Depths:5

Altars:
Ashenzari
Cheibriados
Dithmenos
Elyvilon
Fedhas
Gozag
Hepliaklqana
Kikubaaqudgha
Nemelex Xobeh
Okawaru
Qazlal
Ru
Sif Muna
Trog
Uskayaw
Vehumet
Xom
Yredelemnul
Zin
The Shining One
Beogh
Jiyva

Shops:
D:5 [   D:12 [   D:15 !:   Orc:2 [?%=   Elf:1 }   Shoals:2 }   Vaults:2 }
Vaults:3 =

Portals:
Hell: Depths:4 Depths:5
Abyss: Depths:4
Pandemonium: Depths:4 Depths:5

Annotations:
D:11 magic temple unlooted
D:13 exclusion: hydra
Lair:4 exclusion: hydra
Slime:4 exclusion: upstairs

#...#..##....⌠..##.###...... ###
#..###.####.....##.#######.#
..####.## ##'####...###.....[...#
.#..#.## ##'####### #.##.######
.##...# ##....#.# #....# ...#.##
##..##...## #.#### #.####
#...###...# #....###### ....##
###..#####..# #.)........
.....###...#.##...## #..........
###...###..###.....# #..........
# ##..##.#..##..@..# #.##'######
# ##...###..###...## #.......)..
###.....#..## ##### #.......?..
.....#....## #..........
....####### #.......... ..###
#'## #.......... ...# ##'#
########.##+######
..######.#######.#...##.#........
..###.#............⌠..#.#........
...###..###...###.....#.#........
##....####.#..# ##...##.#........


There were no monsters in sight!


Message History

Where to? (Enter - D:1 @ (x,y), ? - help) Magic restored.
There is a stone staircase leading up here.
You climb upwards.
There is a stone staircase leading down here.
There is a stone staircase leading up here.
You climb upwards.
There is a stone staircase leading down here.
There is a stone staircase leading up here.
You climb upwards.
There is a stone staircase leading down here.
There is an open door here.
There is an open door here.
There is an open door here.
An ufetubus comes into view.
You block the ufetubus's attack. x2
You slice the ufetubus!! You freeze the ufetubus.
You kill the ufetubus!
No target in view!
(D) Dungeon (T) Temple (L) Lair (A) Shoals (N) Spider Nest (M) Slime Pits (O) Orcish Mines (E) Elven Halls (V) Vaults (C) Crypt (W) Tomb (U) Depths (H) Hell (Z) Zot
Where to? (Enter - D:1 @ (x,y), ? - help)
You see here a naga barding.
Your magical contamination has completely faded away.
There is an open door here.
There is an open door here.
There is a staircase leading out of the dungeon here.
You have escaped!

Action                   |  1- 3 |  4- 6 |  7- 9 | 10-12 | 13-15 | 16-18 | 19-21 | 22-24 | 25-27 || total
-------------------------+-------+-------+-------+-------+-------+-------+-------+-------+-------++-------
Melee: Dagger            |    41 |    61 |   267 |    20 |       |       |       |       |       ||   389
       Constrict         |    11 |    16 |    45 |   113 |   155 |   236 |   264 |   325 |   166 ||  1331
       Tentacles         |     8 |    20 |    81 |   143 |   378 |   485 |   759 |   977 |   722 ||  3573
       Double sword      |       |       |       |   574 |  1016 |  1196 |  1651 |  2024 |  1567 ||  8028
 Fire: Blowgun           |       |     2 |    28 |       |       |       |       |       |       ||    30
Throw: Throwing net      |       |       |       |       |       |     1 |       |     6 |       ||     7
 Cast: Repel Missiles    |       |       |       |       |       |     1 |     5 |     1 |       ||     7
       Control Undead    |       |       |       |       |       |       |     5 |     5 |       ||    10
       Invisibility      |       |       |       |       |       |       |     3 |     9 |     6 ||    18
       Silence           |       |       |       |       |       |       |     2 |     9 |     4 ||    15
       Animate Dead      |       |       |       |       |       |       |       |     1 |    16 ||    17
       Dispel Undead     |       |       |       |       |       |       |       |    11 |       ||    11
       Regeneration      |       |       |       |       |       |       |       |     5 |    16 ||    21
       Haste             |       |       |       |       |       |       |       |     2 |    17 ||    19
       Deflect Missiles  |       |       |       |       |       |       |       |     2 |     4 ||     6
       Apportation       |       |       |       |       |       |       |       |       |     5 ||     5
Invok: Curse Item        |       |       |     1 |     2 |     5 |       |     3 |     4 |     1 ||    16
       Scrying           |       |       |       |       |     2 |     6 |     1 |     4 |     1 ||    14
       Transfer Knowledg |       |       |       |       |       |       |     2 |       |       ||     2
 Abil: Blink             |       |       |       |       |       |       |     1 |       |     9 ||    10
       Evoke Blink       |       |       |       |       |       |       |     1 |       |       ||     1
Evoke: Wand              |       |       |     5 |     7 |    32 |    18 |    19 |     3 |    19 ||   103
       Lamp of fire      |       |       |       |       |       |     1 |     2 |     1 |     2 ||     6
       Sack of spiders   |       |       |       |       |       |       |     2 |     2 |       ||     4
       Phial of floods   |       |       |       |       |       |       |     1 |       |     1 ||     2
       Box of beasts     |       |       |       |       |       |       |       |       |     1 ||     1
       Phantom mirror    |       |       |       |       |       |       |       |       |     1 ||     1
       Fan of gales      |       |       |       |       |       |       |       |       |     2 ||     2
  Use: Scroll            |       |       |    13 |    19 |     7 |    12 |    23 |    12 |    30 ||   116
       Potion            |       |       |     8 |     5 |     2 |     3 |    10 |     1 |    14 ||    43
 Stab: Sleeping          |    12 |     5 |    14 |    56 |    75 |    22 |    37 |    76 |    39 ||   336
       Distracted        |       |     1 |     2 |     6 |     6 |     6 |     8 |    17 |    14 ||    60
       Confused          |       |       |     6 |     6 |     9 |       |       |       |       ||    21
       Paralysed         |       |       |       |     1 |     9 |    26 |       |       |       ||    36
       Petrified         |       |       |       |       |    13 |       |       |       |       ||    13
       Petrifying        |       |       |       |       |     1 |       |       |       |       ||     1
       Held in net/web   |       |       |       |       |       |     3 |       |       |       ||     3
       Invisible         |       |       |       |       |       |       |    43 |   110 |    42 ||   195
  Eat: Chunk             |       |     5 |    10 |    18 |     2 |       |     3 |     1 |     1 ||    40
       Pizza             |       |       |       |     1 |     5 |       |       |       |       ||     6
       Royal jelly       |       |       |       |     1 |     1 |       |       |       |       ||     2
       Meat ration       |       |       |       |     1 |     2 |     4 |     1 |     2 |     5 ||    15
       Beef jerky        |       |       |       |     7 |       |       |       |       |       ||     7
       Fruit             |       |       |       |     5 |       |       |       |     4 |       ||     9
       Bread ration      |       |       |       |       |     1 |     1 |     6 |    10 |     5 ||    23
Armor: Skin              |     2 |       |     6 |     9 |       |    13 |    20 |    18 |     6 ||    74
Dodge: Dodged            |    13 |    44 |   105 |   116 |   224 |   314 |   776 |   971 |   977 ||  3540
       Deflected         |       |       |       |       |       |       |    16 |     5 |    22 ||    43
Block: Large shield      |       |       |    85 |   459 |   779 |   920 |   705 |       |       ||  2948
       Shield            |       |       |       |       |       |       |   580 |  1059 |   906 ||  2545

Vault maps used:
D:1:      dpeg_cavernosity, hex_large, minmay_tromino_i4
D:2:      uniq_jessica
D:4:      kiku_gazebo_garden_becter
D:5:      nicolae_ru_sacrificial_ziggurat, nicolae_overflow_hidden_temple,
          basic_altar, first_bread, serial_shops, kennysheep_mini,
          minmay_misc_feat_ornament, minmay_misc_feat_room, serial_bayou_pond_d
D:6:      cheibriados_altar_1
D:8:      old_standard_altar, grunt_lair_entry_orc_guard_hut, serial_undead,
          serial_undead_b, serial_undead_e, serial_undead_a, serial_undead_c,
          serial_undead_a, serial_undead_f, serial_undead_b, serial_undead_f,
          grunt_livestock, hangedman_decor_riveting
D:9:      lightli_church_of_beogh
D:10:     uniq_urug
D:11:     evilmike_library_of_no_secrets, corner_web_ring
D:12:     minmay_bloctagon, orc_0_dummy, serial_shops, shop,
          hangedman_abyss_or_decor_stabs
D:13:     david_vaults_1, hangedman_tree_tricks
D:14:     minmay_misc_feat_roman
D:15:     gammafunk_enter_depths_forms, serial_shops, shop, shop, basic_altar,
          nicolae_gozag_seed_capital, uniq_azrael
Temple:   minmay_temple_forest_path
Lair:1:   serial_bayou_pond_b
Lair:2:   grunt_megastairs_4, uniq_harold
Lair:3:   elwin_shoals_entry_rocks, enter_volcano_3, grunt_megastairs_3,
          infiniplex_staircase_pool
Lair:4:   spider_nest_entry_funnel_web
Lair:5:   lookout_lair_type, uniq_rupert
Lair:6:   grunt_lair_end_beastmaster, nicolae_slime_entry_slimehenge,
          serial_bayou_shore_a, lemuel_fruit_tree, uniq_kirke
Shoals:1: uniq_louise
Shoals:2: serial_shops, shop_fountains, dpeg_stationary_puzzle, uniq_frances
Shoals:3: cheibrodos_shoals_roost, nicolae_shoals_aquamancer_cove, uniq_jorgrun
Shoals:4: shoals_end_grunt_ice, shoal_ilsuiw,
          portal_ice_cave_entry_ice_statue_one
Spider:1: uniq_nikola
Spider:3: spider_trap
Spider:4: spider_rune_water, nicolae_spider_nook
Slime:1:  nicolae_slime_barrier
Slime:2:  nicolae_slime_phagocytosis
Orc:1:    basic_altar, nicolae_orc_flooded_monolith
Orc:2:    pubby_orc_utopia, uniq_sonja
Elf:1:    elf_arrival_001, serial_shops, shop, enter_trove_5,
          portal_desolation_entry_holy_temple
Elf:2:    uniq_asterion
Elf:3:    minmay_elf_hall_dome, door_vault
Vaults:1: v_misc_8, vaults_dpeg_encased_lava, nicolae_vaults_little_squares_4,
          nicolae_vaults_little_squares_1, hangedman_vaults_restitches,
          grunt_vaults_funnel, serial_ice_b, vaults_room_semicircle,
          nicolae_vaults_rhombus_5, nicolae_vaults_shelves_hall
Vaults:2: st_lines, ontoclasm_vaults_eye, vaults_room_boxed,
          nicolae_vaults_network_s, v_misc_22, vaults_mumra_chevron_long,
          hangedman_vaults_trim, nicolae_vaults_big_ls,
          nicolae_vaults_rhombus_5, nicolae_vaults_little_ls,
          dpeg_vaults_monster_box, vaults_mumra_chevron, serial_shops, shop
Vaults:3: nicolae_vaults_circle_grid_a, v_alt_pattern_6,
          nicolae_vaults_little_squares_2, vaults_standard_mumra_x, v_rooms_3,
          minmay_crypt_entry_nasty_monster, vaults_mumra_lcd,
          nicolae_vaults_hallways_thing, serial_shops, nicolae_shop_waterfront,
          uniq_aizul
Vaults:4: ontoclasm_vaults_loading_screen, hangedman_vaults_hat,
          nicolae_vaults_quadrants, nicolae_vaults_yaktaur_gun_rack,
          nicolae_vaults_inception_corners, nicolae_vaults_network_barrier,
          ontoclasm_vaults_ring_large, nicolae_vaults_sealed_display, v_misc_1,
          stair_cage_open, serial_shops, bzr_entry_customers
Vaults:5: uniq_jory
Crypt:2:  uniq_sojobo, uniq_xtahua
Crypt:3:  lightli_unholy_cathedral, tomb_entry_sphere_bobbens, uniq_bai_suzhen
Depths:1: enter_ziggurat_d, hangedman_decor_diamond_cutter,
          hangedman_tar_grid_catacomb, nrook_mini_backslash,
          hangedman_abyss_or_decor_clamps, kennysheep_four_rooms
Depths:2: evilmike_pillar_path, grunt_hell_entry_dis_mu, grunt_decor_resistance,
          spider_trap, minmay_staircase_windowed_small
Depths:3: regret_index_qazlal_generations, rand_demon_pan_entry_7, hell_entry,
          hangedman_decor_lopped
Depths:4: grunt_runaround, abyss_entry, pan_entry, hell_entry, serial_shops,
          uniq_boris
Depths:5: grunt_zot_entry_hairpin, hangedman_decor_points, abyss_entry_crystal,
          grunt_pan_entry_spiral, hell_entry
Zot:3:    grunt_megastairs_5, lemuel_elevator
Zot:4:    lemuel_draconian_sentries, hangedman_zot_decor_tridents,
          basic_stair_grate_trap
Zig:3:    ziggurat_pillar_centre_c
Zig:12:   ziggurat_pillar_centre_smoke
Bazaar:   bazaar_lake
Trove:    trove_simple
IceCv:    ice_cave_caverns_02
Volcano:  volcano_grotto

Notes
Turn   | Place    | Note
-------+----------+-------------------------------------------
     0 | D:1      | Svalbardcaretaker the Octopode Assassin began the quest for the Orb.
     0 | D:1      | Reached XP level 1. HP: 14/14 MP: 1/1
   156 | D:1      | Reached XP level 2. HP: 20/20 MP: 2/2
   360 | D:2      | Reached XP level 3. HP: 25/25 MP: 3/3
   378 | D:3      | Reached skill level 3 in Fighting
   378 | D:3      | Reached skill level 2 in Dodging
   878 | D:4      | Noticed an ogre
   885 | D:4      | Killed an ogre
   885 | D:4      | Reached skill level 3 in Dodging
   885 | D:4      | Reached XP level 4. HP: 33/33 MP: 4/4
   885 | D:4      | Reached XP level 5. HP: 37/37 MP: 5/5
   929 | D:4      | Found a staircase to the Ecumenical Temple.
   940 | Temple   | Entered the Ecumenical Temple
  1246 | Temple   | Became a worshipper of Ashenzari the Shackled
  1304 | D:4      | Reached skill level 4 in Fighting
  1670 | D:4      | Found an ancient bone altar of Kikubaaqudgha.
  1739 | D:4      | Reached skill level 4 in Dodging
  1739 | D:4      | Reached XP level 6. HP: 34/44 MP: 6/6
  1968 | D:5      | Entered Level 5 of the Dungeon
  2313 | D:5      | Reached skill level 5 in Fighting
  2480 | D:5      | Found a glowing golden altar of the Shining One.
  2480 | D:5      | Found a bloodstained altar of Trog.
  2520 | D:5      | Found a sacrificial altar of Ru.
  2652 | D:5      | Reached XP level 7. HP: 43/50 MP: 7/7
  2727 | D:5      | Reached skill level 5 in Dodging
  2834 | D:6      | Reached skill level 6 in Fighting
  3058 | D:6      | Reached skill level 6 in Dodging
  3084 | D:6      | Reached XP level 8. HP: 53/58 MP: 8/8
  3202 | D:6      | Found a snail-covered altar of Cheibriados.
  3397 | D:7      | Reached skill level 7 in Fighting
  3434 | D:8      | Reached * piety under Ashenzari
  3455 | D:8      | Identified the ring of Quttuqup {rCorr Str+3}
  3643 | D:9      | Found a runed door.
  3671 | D:9      | Identified a potion of resistance
  3734 | D:9      | Reached skill level 1 in Evocations
  3965 | D:9      | Reached skill level 2 in Evocations
  3991 | D:8      | Reached skill level 3 in Evocations
  4041 | D:8      | Reached skill level 4 in Evocations
  4252 | D:9      | Reached skill level 5 in Evocations
  4513 | D:9      | Reached XP level 9. HP: 28/64 MP: 13/13
  4522 | D:9      | Reached skill level 6 in Evocations
  4905 | D:9      | Reached skill level 7 in Evocations
  4912 | D:9      | HP: 5/64 [killer bee (3)]
  4921 | D:9      | HP: 6/64 [poisoned by a killer bee]
  4926 | D:9      | HP: 5/64 [poisoned by a killer bee]
  4932 | D:9      | HP: 4/64 [poisoned by a killer bee]
  4939 | D:9      | HP: 4/64 [poisoned by a killer bee]
  5231 | D:9      | Noticed a two-headed ogre
  5260 | D:9      | Killed a two-headed ogre
  5315 | D:9      | Reached skill level 8 in Evocations
  5490 | D:10     | Entered Level 10 of the Dungeon
  5604 | D:10     | Noticed a hill giant
  5608 | D:10     | Reached skill level 1 in Shields
  5621 | D:10     | Killed a hill giant
  5621 | D:10     | Reached skill level 4 in Shields
  5765 | D:11     | Noticed a red ugly thing
  5765 | D:11     | Noticed a two-headed ogre
  5778 | D:10     | Killed a red ugly thing
  5778 | D:10     | Reached skill level 6 in Shields
  5778 | D:10     | Reached XP level 10. HP: 38/71 MP: 16/16
  5785 | D:10     | Gained mutation: Your spells are a little harder to cast, but a little more powerful. [mutagenic meat]
  5788 | D:10     | Gained mutation: Your magical capacity is low. (-10% MP) [mutagenic meat]
  5791 | D:10     | Gained mutation: Your muscles are strong. (Str +2) [mutagenic meat]
  5991 | D:10     | Noticed Urug
  6047 | D:10     | Killed Urug
  6047 | D:10     | Reached skill level 7 in Shields
  6052 | D:10     | Reached skill level 1 in Long Blades
  6069 | D:10     | Reached skill level 2 in Long Blades
  6345 | D:9      | Reached skill level 3 in Long Blades
  6769 | D:9      | Reached skill level 4 in Long Blades
  6778 | D:9      | Gained mutation: Your muscles are very strong. (Str +4) [mutagenic meat]
  6781 | D:9      | Gained mutation: You are resistant to hostile enchantments. (MR+) [mutagenic meat]
  6784 | D:9      | Gained mutation: You are partially covered in rough black scales. (AC +2, Dex -1) [mutagenic meat]
  7259 | D:1      | Reached ** piety under Ashenzari
  7912 | D:2      | Noticed Jessica
  7915 | D:2      | Killed Jessica
  8501 | D:3      | Noticed Svalbardcaretaker's ghost (weakling OpWn)
  8507 | D:3      | Killed Svalbardcaretaker's ghost
  9359 | D:4      | Reached skill level 5 in Long Blades
  9819 | D:5      | Found Xenun's Armour Shoppe.
  9822 | D:5      | Bought the +0 shield of Sloth {rC+} for 222 gold pieces
 10048 | D:5      | Reached *** piety under Ashenzari
 10169 | D:5      | Found a hazy altar of Hepliaklqana.
 10280 | D:5      | Found a sparkling altar of Nemelex Xobeh.
 10282 | D:5      | Found a hazy altar of Hepliaklqana.
 10407 | D:6      | Reached skill level 7 in Dodging
 10895 | D:8      | Reached skill level 6 in Long Blades
 11030 | D:8      | Reached skill level 7 in Long Blades
 11030 | D:8      | Reached XP level 11. HP: 69/75 MP: 15/15
 11086 | D:8      | Found an opulent altar of Gozag.
 11141 | D:8      | Found a staircase to the Lair.
 11220 | D:8      | Reached skill level 8 in Long Blades
 11394 | D:8      | Reached skill level 9 in Long Blades
 11502 | Lair:1   | Entered Level 1 of the Lair of Beasts
 11763 | D:11     | Identified the amulet of Contentment {Harm *Drain rN+}
 11838 | D:11     | Noticed a death knight
 11854 | D:11     | Reached skill level 10 in Long Blades
 11944 | D:11     | Noticed a deep elf mage
 11952 | D:11     | Killed a deep elf mage
 12092 | D:11     | Noticed a hill giant
 12242 | Lair:1   | Reached skill level 8 in Shields
 12400 | Lair:1   | Reached **** piety under Ashenzari
 12474 | Lair:1   | Noticed an eight-headed hydra
 13122 | Lair:2   | Reached skill level 8 in Dodging
 13213 | Lair:3   | Reached XP level 12. HP: 56/81 MP: 16/16
 13278 | Lair:3   | Identified the ring of Wafyiv {Wiz rC+}
 13279 | Lair:3   | Reached skill level 9 in Shields
 13317 | Lair:3   | Found a dark tunnel.
 13323 | Volcano  | Entered a volcano
 13457 | Volcano  | Noticed a red draconian
 13459 | Volcano  | Lost mutation: Your muscles are very strong. (Str +4) [potion of cure mutation]
 13459 | Volcano  | Lost mutation: Your spells are a little harder to cast, but a little more powerful. [potion of cure mutation]
 13459 | Volcano  | Lost mutation: Your magical capacity is low. (-10% MP) [potion of cure mutation]
 13459 | Volcano  | Lost mutation: You are resistant to hostile enchantments. (MR+) [potion of cure mutation]
 13459 | Volcano  | Lost mutation: Your muscles are strong. (Str +2) [potion of cure mutation]
 13459 | Volcano  | Lost mutation: You are partially covered in rough black scales. (AC +2, Dex -1) [potion of cure mutation]
 13466 | Volcano  | Found a burning altar of Makhleb.
 13476 | Volcano  | Killed a red draconian
 13567 | Volcano  | Found a bloodstained altar of Trog.
 13779 | Lair:3   | Reached skill level 9 in Dodging
 13907 | Lair:3   | Noticed an eight-headed hydra
 13914 | Lair:2   | Noticed Harold
 13916 | Lair:2   | Killed Harold
 13924 | Lair:2   | Noticed a six-headed hydra
 14023 | Lair:2   | Reached skill level 11 in Long Blades
 14757 | Lair:3   | Found a staircase to the Shoals.
 14965 | Shoals:1 | Entered Level 1 of the Shoals
 14965 | Shoals:1 | Reached ***** piety under Ashenzari
 15101 | Lair:4   | Reached skill level 12 in Long Blades
 15136 | Lair:4   | Found a hole to the Spider Nest.
 15313 | Lair:4   | Noticed an eight-headed hydra
 15920 | Lair:5   | Noticed a death yak
 15920 | Lair:5   | Noticed a death yak
 15920 | Lair:5   | Noticed a death yak
 15972 | Lair:4   | Reached XP level 13. HP: 86/86 MP: 19/19
 16014 | Lair:4   | Reached skill level 10 in Shields
 16041 | Lair:5   | Noticed Rupert
 16108 | Lair:5   | Killed Rupert
 16108 | Lair:5   | Reached skill level 11 in Shields
 16357 | Lair:6   | Entered Level 6 of the Lair of Beasts
 16385 | Lair:6   | Reached skill level 12 in Shields
 16389 | Lair:6   | Found a staircase to the Slime Pits.
 16390 | Lair:6   | Noticed Kirke
 16427 | Lair:6   | Killed Kirke
 16566 | Lair:6   | Reached skill level 13 in Shields
 16946 | Lair:6   | Reached skill level 10 in Dodging
 16946 | Lair:6   | Reached XP level 14. HP: 93/93 MP: 20/20
 16954 | Lair:6   | Reached skill level 8 in Fighting
 17246 | Lair:6   | Reached skill level 9 in Fighting
 17751 | Lair:6   | Reached skill level 11 in Dodging
 18324 | D:9      | Found a roughly hewn altar of Beogh.
 18451 | D:11     | Reached skill level 10 in Fighting
 18472 | D:11     | Identified the Collected Works on Poison and Conjuration
 18496 | D:11     | Identified the Incunabulum of Aerial Snow
 18617 | D:11     | Identified the Handbook of the Sinister Compass
 18628 | D:11     | Found a deep blue altar of Sif Muna.
 18736 | D:11     | Noticed a deep elf sorcerer
 18742 | D:11     | Killed a deep elf sorcerer
 18760 | D:11     | Identified the Compendium of the Boosting Voyage
 18772 | D:11     | Identified Osieqof's Papyrus of Poison and the Entourage
 18824 | D:11     | Learned a level 3 spell: Regeneration
 18830 | D:11     | Learned a level 5 spell: Silence
 19002 | D:12     | Reached skill level 12 in Dodging
 19129 | D:12     | Found a staircase to the Orcish Mines.
 19143 | D:12     | Found Circhak's Armour Emporium.
 19213 | D:12     | Reached skill level 11 in Fighting
 19375 | D:12     | Reached XP level 15. HP: 106/106 MP: 21/21
 19737 | D:13     | Found a blossoming altar of Fedhas.
 19847 | D:13     | Found a gate to the Vaults.
 20074 | D:13     | Reached skill level 13 in Dodging
 20378 | D:15     | Entered Level 15 of the Dungeon
 20508 | D:14     | Reached skill level 12 in Fighting
 20633 | D:14     | Reached ****** piety under Ashenzari
 21284 | D:15     | Found Rany's Distillery.
 21299 | D:15     | Bought a potion of mutation for 42 gold pieces
 21299 | D:15     | Bought a potion of heal wounds for 85 gold pieces
 21299 | D:15     | Gained mutation: You are resistant to electric shocks. (rElec) [potion of mutation]
 21299 | D:15     | Gained mutation: You can translocate small distances at will. [potion of mutation]
 21299 | D:15     | Gained mutation: Your natural rate of healing is unusually fast. [potion of mutation]
 21368 | D:15     | Found an ancient bone altar of Kikubaaqudgha.
 21682 | Orc:1    | Entered Level 1 of the Orcish Mines
 21710 | Orc:1    | Found a bloodstained altar of Trog.
 21966 | Orc:2    | Entered Level 2 of the Orcish Mines
 22295 | Orc:2    | Noticed Sonja
 22303 | Orc:2    | Killed Sonja
 22426 | Orc:2    | Reached skill level 14 in Dodging
 22434 | Orc:2    | Found a roughly hewn altar of Beogh.
 22473 | Orc:2    | Noticed an orc warlord
 22487 | Orc:2    | Killed an orc warlord
 22553 | Orc:2    | Found Betusmuog's Jewellery Emporium.
 22562 | Orc:2    | Bought a ring of protection from fire for 300 gold pieces
 22569 | Orc:2    | Found Voepeh's Food Shoppe.
 22581 | Orc:2    | Reached skill level 13 in Fighting
 22900 | Orc:2    | Reached XP level 16. HP: 117/117 MP: 22/22
 23008 | Orc:2    | Found a staircase to the Elven Halls.
 23230 | Orc:2    | Noticed Saint Roka
 23230 | Orc:2    | Found a roughly hewn altar of Beogh.
 23243 | Orc:2    | Killed Saint Roka
 23352 | Orc:2    | Found Deseo's Magic Scroll Shoppe.
 23375 | Orc:2    | Bought a scroll of blinking for 120 gold pieces
 23375 | Orc:2    | Bought a scroll of acquirement for 832 gold pieces
 23375 | Orc:2    | Bought a scroll of fog for 32 gold pieces
 23375 | Orc:2    | Bought a scroll of remove curse for 48 gold pieces
 23375 | Orc:2    | Bought a scroll of remove curse for 48 gold pieces
 23375 | Orc:2    | Identified the cursed ring of Qoaco {+Fly Str+4 Int+6 Dex-4 Stlth+} (You acquired it on level 2 of the Orcish Mines)
 23399 | Orc:2    | Found Aniopuz's Armour Emporium.
 23754 | Elf:1    | Entered Level 1 of the Elven Halls
 23796 | Elf:1    | Found Nenifea's Gadget Boutique.
 23844 | Elf:1    | Found a portal to a secret trove of treasure.
 23864 | Elf:1    | Reached skill level 15 in Dodging
 23932 | Elf:1    | Reached skill level 14 in Fighting
 23962 | Elf:1    | Found a ruined silver gateway.
 23964 | Elf:1    | Found a glowing silver altar of Zin.
 23964 | Elf:1    | Found a white marble altar of Elyvilon.
 23977 | Elf:1    | Found a glowing golden altar of the Shining One.
 23998 | Desolati | Entered the Desolation of Salt
 25066 | Desolati | Reached skill level 16 in Dodging
 25167 | Desolati | Reached skill level 15 in Fighting
 25167 | Desolati | Reached XP level 17. HP: 109/127 MP: 23/23
 26147 | Elf:3    | Entered Level 3 of the Elven Halls
 26204 | Elf:2    | Identified the cursed ring "Juggyl" {Wiz +Blink rPois Int+3 Dex-2} (You acquired it on level 2 of the Elven Halls)
 26283 | Elf:3    | Found a huge runed gate.
 26283 | Elf:3    | Found a huge runed gate.
 26283 | Elf:3    | Found a huge runed gate.
 26283 | Elf:3    | Found a huge runed gate.
 26283 | Elf:3    | Found a huge runed gate.
 26283 | Elf:3    | Found a huge runed gate.
 26283 | Elf:3    | Found a huge runed gate.
 26283 | Elf:3    | Found a huge runed gate.
 26290 | Elf:3    | Found a huge runed gate.
 26290 | Elf:3    | Found a huge runed gate.
 26290 | Elf:3    | Found a huge runed gate.
 26290 | Elf:3    | Found a huge runed gate.
 26290 | Elf:3    | Found a huge runed gate.
 26290 | Elf:3    | Found a huge runed gate.
 26290 | Elf:3    | Found a huge runed gate.
 26290 | Elf:3    | Found a huge runed gate.
 26290 | Elf:3    | Found a huge runed gate.
 26290 | Elf:3    | Found a huge runed gate.
 26290 | Elf:3    | Found a huge runed gate.
 26290 | Elf:3    | Found a huge runed gate.
 26290 | Elf:3    | Found a huge runed gate.
 26290 | Elf:3    | Found a huge runed gate.
 26290 | Elf:3    | Identified the +7 flail "Peopt" {venom, Str+3}
 26477 | Elf:3    | Reached skill level 17 in Dodging
 26516 | Elf:3    | Reached skill level 16 in Fighting
 26726 | Elf:1    | Noticed a Brimstone Fiend
 27066 | D:15     | Found Fen Wuc's Book Emporium.
 27081 | D:15     | Found an opulent altar of Gozag.
 27091 | D:15     | Noticed Azrael
 27105 | D:15     | Killed Azrael
 27352 | D:15     | Found a staircase to the Depths.
 27360 | Depths:1 | Entered Level 1 of the Depths
 27371 | Depths:2 | Reached XP level 18. HP: 128/137 MP: 24/24
 28176 | Elf:2    | Reached skill level 18 in Dodging
 28321 | Elf:2    | Found a runed gate.
 28321 | Elf:2    | Found a runed gate.
 28323 | Elf:2    | Found a runed gate.
 28408 | Elf:2    | Reached skill level 17 in Fighting
 28591 | Elf:3    | Found a huge runed gate.
 28591 | Elf:3    | Found a huge runed gate.
 28591 | Elf:3    | Found a huge runed gate.
 28591 | Elf:3    | Found a huge runed gate.
 28591 | Elf:3    | Found a huge runed gate.
 28591 | Elf:3    | Found a huge runed gate.
 28610 | Elf:3    | Found a huge runed gate.
 28611 | Elf:3    | Found a huge runed gate.
 28612 | Elf:3    | Found a huge runed gate.
 28791 | Elf:3    | Noticed a deep elf master archer
 28794 | Elf:3    | Noticed a deep elf master archer
 28824 | Elf:3    | Noticed a Brimstone Fiend
 28924 | Elf:3    | Killed a deep elf master archer
 29145 | Elf:3    | Identified the ring of Muz Dauc {Ice rN+++ MR- Dex+2} (You took it off a deep elf death mage on level 3 of the Elven Halls)
 29379 | Elf:3    | Identified the +8 great sword "Xytodwiw" {drain, Dex+3} (You took it off a deep elf sorcerer on level 3 of the Elven Halls)
 29506 | Elf:3    | Learned a level 1 spell: Apportation
 29513 | Elf:3    | Learned a level 6 spell: Invisibility
 29557 | Elf:3    | Identified the Almanac of Creative Enchantment
 29612 | Elf:3    | Killed a deep elf master archer
 29624 | Elf:3    | Reached skill level 18 in Fighting
 29752 | Elf:3    | Identified Sif Muna's Incunabulum of Augmentations
 29757 | Elf:3    | Learned a level 2 spell: Repel Missiles
 29892 | Elf:3    | Reached skill level 1 in Necromancy
 29892 | Elf:3    | Reached skill level 1 in Spellcasting
 29892 | Elf:3    | Reached skill level 2 in Necromancy
 29892 | Elf:3    | Reached XP level 19. HP: 146/146 MP: 25/25
 29892 | Elf:3    | Reached skill level 3 in Necromancy
 29893 | Elf:3    | Reached skill level 2 in Spellcasting
 29894 | Elf:3    | Noticed an Ice Fiend
 29894 | Elf:3    | Reached skill level 4 in Necromancy
 29901 | Elf:3    | Reached skill level 3 in Spellcasting
 29901 | Elf:3    | Reached skill level 5 in Necromancy
 30019 | Elf:2    | Reached skill level 6 in Necromancy
 30221 | D:11     | Identified the +2 hand crossbow of Rilageje {freeze, MP+9 Str+2}
 30236 | D:11     | Reached skill level 4 in Spellcasting
 30391 | D:11     | Identified the Tome of Warped Curses
 30471 | D:10     | Reached skill level 7 in Necromancy
 30770 | Shoals:3 | Noticed Jorgrun
 30838 | Shoals:3 | Reached skill level 5 in Spellcasting
 30838 | Shoals:3 | Reached skill level 8 in Necromancy
 30955 | Shoals:3 | Reduced skill Short Blades to level 1
 30959 | Shoals:4 | Entered Level 4 of the Shoals
 30969 | Shoals:4 | Noticed Ilsuiw
 30979 | Shoals:3 | Reduced skill Short Blades to level 0
 31038 | Shoals:4 | Reduced skill Throwing to level 1
 31051 | Shoals:4 | Found a frozen archway.
 31069 | IceCv    | Entered an ice cave
 31098 | IceCv    | Reduced skill Throwing to level 0
 31398 | IceCv    | Identified a wand of heal wounds
 31406 | IceCv    | Learned a level 4 spell: Animate Dead
 31453 | IceCv    | Learned a level 4 spell: Control Undead
 31825 | IceCv    | Noticed an Ice Fiend
 32052 | IceCv    | Killed an Ice Fiend
 32092 | IceCv    | Identified the Handbook of Moulding and the Glacier
 32264 | Shoals:2 | Reached skill level 19 in Dodging
 32279 | Shoals:2 | Found Satwioli's Gadget Shoppe.
 32352 | Shoals:2 | Reached skill level 1 in Air Magic
 32356 | Shoals:2 | Reached skill level 1 in Charms
 32387 | Shoals:1 | Reached skill level 2 in Air Magic
 32401 | Shoals:1 | Reached skill level 2 in Charms
 33026 | Slime:1  | Entered Level 1 of the Pits of Slime
 33098 | Slime:5  | Entered Level 5 of the Pits of Slime
 33270 | Slime:5  | Found a viscous altar of Jiyva.
 33272 | Slime:5  | Identified the +2 rapier of Vohon {pierce, -Tele +Fly Dex+4}
 33272 | Slime:5  | Noticed the Royal Jelly
 33326 | Slime:5  | Killed the Royal Jelly
 33326 | Slime:5  | Reached XP level 20. HP: 113/154 MP: 17/28
 33339 | Slime:5  | Reached skill level 19 in Fighting
 33814 | Slime:5  | Learned a level 2 spell: Passwall
 33895 | Slime:5  | Got a slimy rune of Zot
 33924 | Slime:5  | Identified Sif Muna's Incunabulum of Assistive Malediction
 33936 | Slime:5  | Identified Sif Muna's Papyrus of the Dislocated Oath
 34474 | Elf:1    | You showed the slimy rune of Zot to enter a treasure trove
 34475 | Trove    | Entered a treasure trove
 34481 | Trove    | Identified the cursed -2 shield of Guniargh {*Confuse Int+2 Dex+2}
 34481 | Trove    | Identified the cursed ring "Myddiyl" {Fire +Blink}
 34481 | Trove    | Identified the cursed +2 shield of the Land of Plenty {Dex+7}
 34481 | Trove    | Identified the cursed ring "Qilux" {+Blink rElec Str-2 Int+5 Dex+4}
 34481 | Trove    | Identified the cursed +1 demon blade "Vyhocud" {vamp, +Blink Str+5 Int+2}
 34523 | Elf:1    | Upgraded the game from 0.19-a0-1254-gb9c29c0 to 0.19-a0-1365-gb34f4cb
 34669 | Elf:2    | Reached skill level 3 in Air Magic
 34674 | Elf:2    | Reached skill level 1 in Hexes
 34852 | Elf:2    | Reached skill level 2 in Hexes
 34874 | Elf:2    | Reached skill level 3 in Hexes
 35051 | Elf:2    | Reached skill level 4 in Hexes
 35470 | Shoals:1 | Noticed Louise
 35482 | Shoals:1 | Killed Louise
 35610 | Shoals:1 | Reached skill level 5 in Hexes
 35986 | Shoals:2 | Reached skill level 6 in Hexes
 36106 | Shoals:2 | Noticed Frances
 36121 | Shoals:2 | Killed Frances
 36312 | Shoals:2 | Reached skill level 7 in Hexes
 36728 | Shoals:3 | Killed Jorgrun
 36728 | Shoals:3 | Reached skill level 8 in Hexes
 36736 | Shoals:3 | Gained mutation: You evolve. [potion of beneficial mutation]
 37353 | Shoals:4 | Reached XP level 21. HP: 97/162 MP: 29/29
 37457 | Shoals:4 | Killed Ilsuiw
 37489 | Shoals:4 | Reached skill level 20 in Dodging
 38137 | Shoals:4 | Got a barnacled rune of Zot
 38538 | Vaults:1 | Entered Level 1 of the Vaults
 38815 | Vaults:2 | Reached skill level 20 in Fighting
 38858 | Vaults:2 | Identified the cursed +1 hunting sling of Outrage {freeze, Str+4}
 39562 | Vaults:3 | Found Suufuac's Jewellery Shoppe.
 39798 | Vaults:3 | Reached skill level 21 in Dodging
 39976 | Vaults:3 | Noticed Aizul
 39995 | Vaults:3 | Killed Aizul
 40035 | Vaults:2 | Identified the cursed ring of Ydoiz {rC+ rN++ Str+4} (You acquired it on level 2 of the Vaults)
 40038 | Vaults:2 | Reached XP level 22. HP: 153/172 MP: 30/30
 40478 | Elf:3    | Upgraded the game from 0.19-a0-1365-gb34f4cb to 0.19-a0-1387-gca1aa1d
 40885 | Vaults:1 | Reached skill level 6 in Spellcasting
 41122 | Vaults:1 | Reached skill level 7 in Spellcasting
 41604 | Vaults:2 | Reached skill level 8 in Spellcasting
 41950 | Vaults:2 | Reached skill level 9 in Spellcasting
 42113 | Vaults:2 | Found Paumpyix's Gadget Boutique.
 42359 | Vaults:2 | Reached skill level 10 in Spellcasting
 42628 | Vaults:3 | Learned a level 6 spell: Haste
 42635 | Vaults:3 | Learned a level 6 spell: Shadow Creatures
 42772 | Vaults:3 | Found a staircase to the Crypt.
 42776 | Vaults:3 | Reached skill level 3 in Charms
 42783 | Crypt:1  | Entered Level 1 of the Crypt
 43039 | Vaults:3 | Reached skill level 4 in Charms
 43070 | Vaults:3 | Reached skill level 5 in Charms
 43134 | Vaults:3 | Reached skill level 6 in Charms
 43210 | Vaults:3 | Reached skill level 7 in Charms
 43384 | Vaults:4 | Found a flickering gateway to a bazaar.
 43792 | Vaults:4 | Reached skill level 8 in Charms
 43821 | Vaults:4 | Reached XP level 23. HP: 178/178 MP: 37/37
 44000 | Vaults:4 | Reached skill level 9 in Charms
 44027 | Bazaar   | Entered a bazaar
 44031 | Bazaar   | Found Saecekurch's Antique Armour Boutique.
 44039 | Bazaar   | Found Opleben's Antique Weapon Boutique.
 44050 | Bazaar   | Found Micwiel's General Store.
 44061 | Bazaar   | Found Jyll's Magic Scroll Shop.
 44069 | Bazaar   | Bought a scroll of blinking for 112 gold pieces
 44069 | Bazaar   | Bought a scroll of enchant weapon for 112 gold pieces
 44069 | Bazaar   | Bought a scroll of teleportation for 45 gold pieces
 44069 | Bazaar   | Bought a scroll of remove curse for 45 gold pieces
 44069 | Bazaar   | Bought a scroll of magic mapping for 52 gold pieces
 44069 | Bazaar   | Bought a scroll of magic mapping for 52 gold pieces
 44069 | Bazaar   | Bought a scroll of immolation for 52 gold pieces
 44069 | Bazaar   | Bought a scroll of immolation for 52 gold pieces
 44070 | Bazaar   | Found Umpu's Jewellery Shop.
 44691 | Vaults:5 | Entered Level 5 of the Vaults
 45522 | D:15     | Learned a level 5 spell: Dispel Undead
 45669 | Vaults:3 | Reached skill level 21 in Fighting
 45893 | Crypt:2  | Noticed Sojobo
 45924 | Crypt:2  | Killed Sojobo
 46037 | Crypt:2  | Noticed Xtahua
 46055 | Crypt:2  | Killed Xtahua
 46085 | Crypt:3  | Entered Level 3 of the Crypt
 46395 | Crypt:1  | Reached skill level 22 in Dodging
 46898 | Crypt:3  | Found a basalt altar of Yredelemnul.
 46898 | Crypt:3  | Noticed a curse toe
 46906 | Crypt:3  | Found an ancient bone altar of Kikubaaqudgha.
 46917 | Crypt:3  | Reached XP level 24. HP: 161/189 MP: 26/37
 46936 | Crypt:3  | Killed a curse toe
 47014 | Crypt:3  | Gained mutation: Your body sometimes deteriorates upon taking damage. [evolution]
 47069 | Crypt:3  | Identified the cursed +1 quarterstaff of Greatest Utility {crush, Int+4}
 47120 | Crypt:3  | Identified the ring "Roetoakh" {Str+4 Dex+3}
 47244 | Crypt:3  | Noticed Bai Suzhen
 47263 | Crypt:3  | Killed Bai Suzhen
 47707 | Crypt:3  | Found a staircase to the Tomb.
 47730 | Tomb:1   | Entered Level 1 of the Tomb of the Ancients
 48005 | Tomb:1   | Identified the cursed +0 halberd of Fimbulwinter {chop, *Drain rN+++ Int+4}
 48418 | Vaults:4 | Learned a level 6 spell: Deflect Missiles
 48681 | Orc:2    | Bought a bread ration for 55 gold pieces
 48681 | Orc:2    | Bought a bread ration for 55 gold pieces
 48681 | Orc:2    | Bought a bread ration for 55 gold pieces
 48681 | Orc:2    | Bought a bread ration for 55 gold pieces
 48681 | Orc:2    | Bought a bread ration for 55 gold pieces
 48681 | Orc:2    | Bought a bread ration for 55 gold pieces
 48681 | Orc:2    | Bought a meat ration for 55 gold pieces
 48955 | Spider:1 | Entered Level 1 of the Spider Nest
 49294 | Spider:1 | Reached skill level 23 in Dodging
 49669 | Spider:1 | Identified the +6 hunting sling of Shame {flame, Dex+3}
 49672 | Spider:1 | Noticed Nikola
 49681 | Spider:1 | Killed Nikola
 50797 | Spider:4 | Entered Level 4 of the Spider Nest
 51521 | Spider:4 | Reached skill level 22 in Fighting
 51959 | Spider:4 | Got a gossamer rune of Zot
 52860 | Vaults:5 | Reached XP level 25. HP: 197/197 MP: 33/37
 52927 | Vaults:5 | Identified the ring "Ruakubla" {rF+ rC+}
 52940 | Vaults:5 | Identified the +8 hand axe "Wadelach" {chop, *Drain rC+ Str+2}
 53081 | Vaults:5 | Reached skill level 23 in Fighting
 53247 | Vaults:5 | Noticed Jory
 53248 | Vaults:5 | Reached skill level 24 in Fighting
 53276 | Vaults:5 | Killed Jory
 53518 | Vaults:5 | Identified the +4 dagger of Indomitability {freeze, Str+4} (You took it off a yaktaur on level 5 of the Vaults)
 53757 | Vaults:5 | Lost mutation: Your natural rate of healing is unusually fast. [evolution]
 53941 | Vaults:5 | Got a silver rune of Zot
 54067 | Vaults:5 | Reached skill level 25 in Fighting
 54116 | Vaults:5 | Reached XP level 26. HP: 211/211 MP: 37/37
 54264 | Vaults:5 | Identified Sif Muna's Tome of Frigorific Enchantment
 54267 | Vaults:5 | Identified Vehumet's Almanac of Confrontation
 54790 | Depths:4 | Found a one-way gate leading to the halls of Pandemonium.
 54885 | Depths:4 | Found a gateway to Hell.
 55091 | Depths:4 | Noticed Boris
 55096 | Depths:4 | Found a one-way gate to the infinite horrors of the Abyss.
 55168 | Depths:5 | Entered Level 5 of the Depths
 55605 | Depths:4 | Reached skill level 26 in Fighting
 55820 | Depths:4 | Noticed a juggernaut
 56066 | Depths:4 | Killed a juggernaut
 56075 | Depths:4 | Identified the ring of Rois {Wiz +Fly rPois Str+4} (You took it off a deep elf archer on level 4 of the Depths)
 56193 | Depths:4 | Reached skill level 27 in Fighting
 56209 | Depths:4 | Killed Boris
 56209 | Depths:4 | Reached skill level 9 in Evocations
 56288 | Depths:4 | Noticed a juggernaut
 56300 | Depths:4 | Killed a juggernaut
 56300 | Depths:4 | Reached skill level 10 in Evocations
 56300 | Depths:4 | Reached XP level 27. HP: 224/224 MP: 30/37
 56585 | Depths:1 | Found a gateway to a ziggurat.
 56605 | Depths:1 | Reached skill level 11 in Evocations
 56637 | Zig:1    | Entered Level 1 of a ziggurat
 56657 | Zig:2    | Entered Level 2 of a ziggurat
 56695 | Zig:3    | Entered Level 3 of a ziggurat
 56712 | Zig:3    | Reached skill level 12 in Evocations
 56718 | Zig:4    | Entered Level 4 of a ziggurat
 56753 | Zig:5    | Entered Level 5 of a ziggurat
 56758 | Zig:5    | Identified the cursed -3 hat "Icei" {SInv}
 56793 | Zig:6    | Entered Level 6 of a ziggurat
 56830 | Zig:6    | Identified the ring of Neurghilo {rC- Dex+4 Stlth+}
 56866 | Zig:6    | Identified the Grimoire of Freezing Transmutation
 56872 | Zig:6    | Learned a level 3 spell: Ozocubu's Armour
 56882 | Zig:7    | Entered Level 7 of a ziggurat
 56887 | Zig:7    | Noticed a juggernaut
 56889 | Zig:7    | Noticed a juggernaut
 56902 | Zig:7    | Killed a juggernaut
 56902 | Zig:7    | Reached skill level 13 in Evocations
 56915 | Zig:7    | Killed a juggernaut
 56940 | Zig:7    | Identified the Reference Book on Lucky Clay
 57030 | Zig:8    | Entered Level 8 of a ziggurat
 57047 | Zig:8    | Noticed Newutu the pandemonium lord
 57063 | Zig:9    | Entered Level 9 of a ziggurat
 57064 | Zig:9    | Identified the cursed amulet of Morality {+Rage rC- Int+3 Dex+3} (You acquired it on level 9 of a ziggurat)
 57068 | Zig:9    | Gained mutation: Your muscles are strong. (Str +2) [potion of beneficial mutation]
 57312 | Zig:9    | Identified the +4 whip "Vuenal" {slash, rF+ Str+5 Dex+2}
 57314 | Zig:9    | Identified the ring of Joiloech {Ice *Corrode MR++ Str-3 Int+2}
 57320 | Zig:9    | Reached skill level 14 in Evocations
 57501 | Zig:10   | Entered Level 10 of a ziggurat
 57528 | Zig:10   | Identified the +7 dagger "Goblin's Peril" {drain, rF+ rN+ Str+4}
 57530 | Zig:11   | Entered Level 11 of a ziggurat
 57552 | Zig:11   | Identified the ring "Hoitomegul" {rCorr Str+4}
 57570 | Zig:12   | Entered Level 12 of a ziggurat
 57726 | Zig:12   | Identified the +7 halberd "Zauhiul" {chop, +Rage rF++ rC++}
 57730 | Zig:12   | Noticed a juggernaut
 57730 | Zig:12   | Noticed a juggernaut
 57947 | Depths:5 | Reached skill level 15 in Evocations
 58048 | Depths:5 | Found a gate to the Realm of Zot.
 58061 | Zot:1    | Entered Level 1 of the Realm of Zot
 58113 | Zot:1    | Reached skill level 16 in Evocations
 58151 | Zot:2    | Learned a level 6 spell: Death Channel
 58447 | Zot:4    | Noticed an orb of fire
 58590 | Zot:4    | Reached skill level 17 in Evocations
 58596 | Zot:4    | Gained mutation: You expend magic power (3 MP) to strengthen your wands. [an orb of fire]
 58598 | Zot:4    | Gained mutation: You are clumsy. (Dex -2) [an orb of fire]
 58602 | Zot:4    | Killed an orb of fire
 58639 | Zot:5    | Entered Level 5 of the Realm of Zot
 59021 | Zot:5    | Gained mutation: Your muscles are very strong. (Str +4) [evolution]
 59082 | Zot:5    | Reached skill level 18 in Evocations
 59608 | Zot:5    | Noticed an orb of fire
 59608 | Zot:5    | Noticed an orb of fire
 59616 | Zot:5    | Gained mutation: You are dopey. (Int -2) [an orb of fire]
 59627 | Zot:5    | Got the Orb of Zot
 59639 | Zot:5    | Lost mutation: Your muscles are very strong. (Str +4) [an orb of fire]
 59658 | Zot:5    | Noticed Upatudak the pandemonium lord
 59684 | Zot:5    | Reached skill level 19 in Evocations
 59820 | Depths:4 | Lost mutation: Your muscles are strong. (Str +2) [mutagenic glow]
 59876 | Depths:1 | Gained mutation: You are weak. (Str -2) [mutagenic glow]
 60216 | D:$      | Escaped with the Orb!

Vanquished Creatures
  the Royal Jelly (Slime:5)
  An orb of fire (Zot:4)
  3 juggernauts
  Sojobo (Crypt:2)
  Bai Suzhen (Crypt:3)
  Saint Roka (Orc:2)
  Xtahua (Crypt:2)
  2 curse toes
  4 caustic shrikes (Depths:4)
  Nikola (Spider:1)
  8 golden dragons
  Jory (Vaults:5)
  Jorgrun (Shoals:3)
  A hellephant (Zig:1)
  6 tentacled monstrosities
  An Ice Fiend (IceCv)
  10 Orb Guardians
  Rupert (Lair:5)
  A titan (Vaults:5)
  5 liches
  2 deep elf master archers (Elf:3)
  6 sphinxes
  2 krakens
  14 acid blobs
  2 death cobs
  Frances (Shoals:2)
  7 ancient champions (Crypt:3)
  3 shadow dragons (Vaults:5)
  A draconian monk (Zot:5)
  Kirke (Lair:6)
  9 tengu reavers
  11 azure jellies
  A revenant (Crypt:3)
  A greater naga (Zig:6)
  6 storm dragons
  A draconian knight (Depths:5)
  16 vault wardens
  Ilsuiw (Shoals:4)
  4 draconian zealots
  2 draconian scorchers (Zot:4)
  2 imperial myrmidons (Desolation)
  4 fire giants
  4 ghost moths
  A balrug (Zig:8)
  10 frost giants
  3 iron dragons (Depths:4)
  11 deep elf sorcerers
  7 emperor scorpions
  A reaper (Crypt:2)
  A draconian shifter (Zot:5)
  Louise (Shoals:1)
  3 orc warlords
  An angel (Elf:1)
  Aizul (Vaults:3)
  5 ghouls
  A curse skull (Crypt:2)
  18 ironheart preservers
  A deep elf elementalist (Elf:3)
  A war gargoyle (Vaults:5)
  7 entropy weavers
  A draconian caller (Zot:4)
  2 green draconians
  12 stone giants
  14 very ugly things
  10 deep elf demonologists
  4 yellow draconians
  3 mottled draconians
  Azrael (D:15)
  2 black draconians
  6 vampire knights
  16 deep elf annihilators
  3 halazid warlocks (Desolation)
  3 red draconians
  2 white draconians (Zot:5)
  19 ettins
  A black sun (Zig:8)
  10 spark wasps
  A crystal guardian (Desolation)
  An eidolon (Crypt:3)
  3 ragged hierophants (Desolation)
  5 merfolk javelineers (Shoals:4)
  7 deep elf death magi
  4 fire dragons
  4 death oozes (Slime:5)
  A mummy priest (Crypt:3)
  A green death (Zig:3)
  11 merfolk impalers
  15 yaktaur captains
  2 jiangshi (Crypt:3)
  9 great orbs of eyes
  8 peacekeepers (Desolation)
  46 vault guards
  8 deep elf high priests
  Harold (Lair:2)
  A naga warrior (Zig:6)
  12 ice dragons
  A catoblepas (Lair:6)
  5 hydras
  6 spriggan air magi
  2 merfolk avatars
  2 large abominations
  5 alligator snapping turtles (Desolation)
  10 centaur warriors
  3 death knights
  5 servants of whispers (Desolation)
  25 dancing weapons
  4 satyrs (Shoals:4)
  20 ogre magi
  6 merfolk aquamancers
  8 deep troll earth magi
  Urug (D:10)
  10 death yaks
  A shock serpent (shapeshifter) (Vaults:5)
  A death yak (shapeshifter) (Vaults:5)
  7 tengu warriors
  7 deep troll shamans
  5 orc high priests
  6 vampire magi
  3 spriggan berserkers
  10 hell knights
  A shock serpent (Zig:6)
  Sonja (Orc:2)
  2 iron trolls
  21 deep elf knights
  23 skeletal warriors
  6 shadow wraiths
  11 sea snakes
  3 flayed ghosts
  5 giant orange brains
  4 unseen horrors
  36 deep elf archers
  30 deep trolls
  A lindwurm (Lair:6)
  A kraken simulacrum (Shoals:4)
  4 hill giants
  26 harpies
  A removed MONS_ANUBIS_GUARD (shapeshifter) (Elf:3)
  20 orb spiders
  An iron dragon zombie (Crypt:2)
  3 wizards
  12 orc knights
  13 phantasmal warriors
  15 ironbrand convokers
  A mana viper (Zig:6)
  7 necromancers
  7 manticores
  An obsidian statue (Shoals:2)
  11 orc sorcerers
  A shadow dragon skeleton (Crypt:1)
  A fire giant zombie (Crypt:1)
  A mana viper (shapeshifter) (Vaults:2)
  A stone giant zombie (Crypt:2)
  14 griffons
  A human zombie (Vaults:5)
  50 ugly things
  An orb spider (shapeshifter) (Vaults:3)
  82 deep elf magi
  3 oklob plants
  31 wolf spiders
  9 cyclopes
  15 elephants (Lair:6)
  9 hornets
  20 fauns
  A frost giant skeleton (Vaults:5)
  7 sirens
  7 moths of wrath
  11 black mambas
  5 guardian serpents
  2 centaur zombies
  A fire giant skeleton (Crypt:3)
  2 stone giant skeletons (Vaults:5)
  An eye of devastation (Slime:5)
  6 naga magi (D:11)
  A titan simulacrum (Vaults:5)
  15 spiny frogs
  A rust devil (D:8)
  16 vault sentinels
  A smoke demon (Depths:5)
  2 ice statues
  5 water nymphs
  An orange demon (Zig:8)
  4 gargoyles
  A pale draconian zombie (Crypt:3)
  A rime drake (Lair:1)
  A rime drake (shapeshifter) (Vaults:4)
  A komodo dragon (shapeshifter) (D:15)
  An efreet (D:15)
  2 tormentors
  3 kobold demonologists
  7 komodo dragons
  11 freezing wraiths
  4 ice devils (IceCv)
  11 demonic crawlers
  A golden dragon simulacrum (IceCv)
  A redback zombie (D:14)
  8 guardian mummies
  A hellwing (Depths:5)
  3 anaconda simulacra (IceCv)
  2 tengu conjurers (Depths:4)
  29 yaktaurs
  A red devil (Zig:8)
  29 jumping spiders
  A death drake zombie (Crypt:2)
  A harpy zombie (Crypt:3)
  6 trolls
  A troll (shapeshifter) (Zig:4)
  31 merfolk
  A mottled draconian skeleton (Crypt:3)
  A tengu simulacrum (Vaults:3)
  A wolf spider simulacrum (IceCv)
  60 slime creatures
  43 saltlings (Desolation)
  41 two-headed ogres
  A hydra skeleton (Tomb:1)
  3 boulder beetles
  10 snapping turtles
  12 blink frogs (Lair:6)
  A two-headed ogre (shapeshifter) (Depths:4)
  7 dream sheep
  A wyvern (D:13)
  An alligator skeleton (Crypt:3)
  2 centaur simulacra
  3 ynoxinuls
  3 shadows
  13 water elementals
  55 redbacks
  30 tarantellas
  A vampire (D:13)
  2 spriggans (Depths:5)
  10 wraiths
  12 air elementals
  3 ushabtiu (Tomb:1)
  2 dire elephant simulacra
  6 hogs
  A human (D:8)
  28 yaks
  13 fire elementals
  16 hippogriffs
  A basilisk (shapeshifter) (D:15)
  A catoblepas simulacrum (Crypt:3)
  4 golden eyes (Slime:5)
  6 hungry ghosts
  5 basilisks
  2 chaos spawn (Depths:5)
  2 harpy simulacra (IceCv)
  3 mottled dragons
  A swamp worm (shapeshifter) (Zig:11)
  7 wargs
  3 iron troll simulacra (IceCv)
  A naga (Zig:6)
  3 soldier ants
  15 water moccasins
  3 hydra simulacra (IceCv)
  A hell hound (shapeshifter) (D:15)
  A giant eyeball (Slime:5)
  4 hell hounds
  8 porcupines
  5 sky beasts
  2 black bears
  2 phantoms
  A black bear (shapeshifter) (Depths:4)
  An ettin simulacrum (IceCv)
  5 ice beasts
  A fire dragon simulacrum (Crypt:3)
  70 orc warriors
  An eye of draining (shapeshifter) (Vaults:1)
  8 wasps
  A lindwurm zombie (Crypt:3)
  2 eyes of draining
  A centaur (shapeshifter) (Vaults:5)
  11 wolves
  7 boggarts
  78 ogres
  8 necrophages
  11 centaurs
  2 crocodiles (shapeshifter)
  A torpor snail zombie (Crypt:2)
  9 crocodiles
  An elf simulacrum (Vaults:1)
  3 big kobolds
  A snapping turtle skeleton (Tomb:1)
  14 giant frogs
  5 earth elementals
  A spiny frog simulacrum (Crypt:3)
  A wyvern skeleton (D:9)
  6 scorpions
  A human simulacrum (Vaults:1)
  23 killer bees
  23 wights
  3 howler monkeys
  A troll skeleton (Crypt:1)
  The ghost of Svalbardcaretaker the Magician, a weakling OpWn of Ashenzari (D:3)
  3 electric eels
  4 lava snakes (Volcano)
  A wasp zombie (D:13)
  A basilisk zombie (Crypt:3)
  11 crimson imps
  2 draconian simulacra (IceCv)
  A giant frog zombie (D:8)
  30 orc wizards
  3 centaur skeletons
  3 quasits
  30 orc priests
  7 hounds
  2 iron imps (Depths:5)
  7 jellies
  2 giant frog skeletons
  Jessica (D:2)
  A black bear skeleton (Crypt:3)
  14 iguanas
  A polar bear simulacrum (IceCv)
  A porcupine skeleton (Crypt:3)
  A troll simulacrum (IceCv)
  11 worker ants
  3 spriggan simulacra (IceCv)
  A wolf simulacrum (IceCv)
  A big kobold skeleton (Crypt:3)
  3 hound zombies
  A hound skeleton (D:11)
  9 mummies
  A howler monkey zombie (D:8)
  3 gnolls (D:4)
  A gnoll (shapeshifter) (Vaults:5)
  2 howler monkey skeletons
  3 naga simulacra (IceCv)
  An ogre simulacrum (IceCv)
  17 adders
  44 river rats
  6 shadow imps
  5 white imps
  8 ufetubi
  4 oozes
  An adder zombie (D:8)
  5 worms
  A worm (shapeshifter) (Vaults:5)
  7 dart slugs
  5 giant geckos
  140 orcs
  15 bats
  6 giant cockroaches
  12 goblins
  11 hobgoblins
  10 jackals
  21 kobolds
  2 quokkas
  3 giant newts
  2 jackal zombies
  A quokka skeleton (D:5)
  13 rats
  8 crawling corpses
  2 tentacles
2660 creatures vanquished.

Vanquished Creatures (collateral kills)
  A juggernaut (Depths:4)
  Boris (Depths:4)
  A bone dragon (Crypt:3)
  A lich (Vaults:5)
  An Orb Guardian (Zot:5)
  An acid blob (Slime:5)
  An ancient champion (Crypt:3)
  An azure jelly (Slime:5)
  A frost giant (Depths:4)
  A fire giant (Depths:4)
  A deep elf sorcerer (Depths:4)
  A red draconian (Volcano)
  2 spark wasps (Depths:4)
  A fire dragon (Depths:4)
  A titan skeleton (Crypt:3)
  A shadow wraith (Crypt:3)
  A skeletal warrior (Crypt:3)
  A deep troll (Vaults:5)
  A deep elf archer (Depths:4)
  An elephant (shapeshifter) (Depths:4)
  2 yaktaurs
  2 slime creatures (Slime:5)
  An air elemental (Depths:4)
  An orc warrior (Volcano)
  An ogre (Vaults:5)
  A centaur (Volcano)
  A polar bear simulacrum (IceCv)
  A crawling corpse (Depths:4)
31 creatures vanquished.

Vanquished Creatures (others)
  A lich (Crypt:3)
  An ironheart preserver (Vaults:3)
  2 shadow wraiths (Crypt:3)
  A phantasmal warrior (Vaults:5)
  A wolf spider (Vaults:2)
  A moth of wrath (Zot:5)
  A siren (Shoals:4)
  A merfolk (Shoals:4)
  2 saltlings (Desolation)
  A human (Lair:6)
  A hippogriff (D:15)
  A water moccasin (Lair:6)
  An ogre (Vaults:2)
  A boggart (Vaults:1)
  An orc wizard (D:15)
  A mummy (Tomb:1)
  A river rat (Lair:6)
  3 white imps (IceCv)
  8 ufetubi (IceCv)
  An ooze (Lair:6)
  7 fungi
  15 plants
  18 tentacles
71 creatures vanquished.

Grand Total: 2762 creatures vanquished
